 Dungeon Crawl Stone Soup version 0.25-a0-591-g2ad0d861f1 (webtiles) character file.

Game seed: 3626528671332518745, levelgen mode: deterministic

473 kae the Skirmisher (level 6, 0/51 HPs)
             Began as a Demonspawn Monk on Mar 13, 2020.
             Was a Believer of Dithmenos.
             Slain by a sky beast (2 damage)
             ... on level 5 of the Dungeon.
             The game lasted 00:04:27 (4941 turns).

kae the Skirmisher (Demonspawn Monk)                Turns: 4941, Time: 00:04:28

Health: 0/51       AC:  6    Str: 12    XL:     6   Next: 83%
Magic:  6/6        EV: 13    Int: 12    God:    Dithmenos [**....]
Gold:   285        SH:  0    Dex: 16    Spells: 5/5 levels left

rFire    . . .     SeeInvis .   e - +1 dagger (protect)
rCold    + . .     Gourm    .   (no shield)
rNeg     + . .     Faith    .   m - +2 robe {rN+}
rPois    .         Spirit   .   (helmet restricted)
rElec    .         Reflect  .   (no cloak)
rCorr    .         Harm     .   (no gloves)
MR       .....                  (no boots)
Stlth    +++++.....             (no amulet)
HPRegen  0.17/turn              f - +1 ring of slaying
MPRegen  0.10/turn              g - ring of stealth

@: berserk cooldown, slowed, wreathed by umbra, very slow
A: horns 1, icy blue scales 1, cold resistance 1, nightstalker 1
a: Shadow Step, Renounce Religion


You were on level 5 of the Dungeon.
You worshipped Dithmenos.
Dithmenos was pleased with you.
You were not hungry.

You visited 1 branch of the dungeon, and saw 5 of its levels.

You collected 285 gold pieces.

Inventory:

Hand Weapons
 c - a +0 dagger
 e - a +1 dagger of protection (weapon)
Armour
 m - a +2 robe of positive energy (worn)
Jewellery
 f - a +1 ring of slaying (left hand)
 g - a ring of stealth (right hand)
 k - an uncursed ring of see invisible
 r - a +3 ring of strength
Wands
 n - a wand of acid (20)
Scrolls
 a - a scroll of fog
 j - 4 scrolls of identify
 o - a scroll of remove curse
 p - 4 scrolls of amnesia
 q - 2 scrolls of enchant weapon
 u - a scroll of teleportation
 v - a scroll of enchant armour
Potions
 d - a potion of lignification
 l - 2 potions of haste
 s - a potion of resistance
 t - a potion of magic
Comestibles
 b - 13 rations
 w - 2 chunks of flesh


   Skills:
 + Level 5.0 Fighting
 * Level 4.9 Short Blades
 - Level 2.6 Dodging
 - Level 1.7 Stealth
 - Level 3.2 Unarmed Combat


You had 5 spell levels left.
You didn't know any spells.
Your spell library contained the following spells:

 Spells                   Type           Power        Failure   Level  Hunger
 Magic Dart               Conj           #...         32%         1    ##.....
 Summon Small Mammal      Summ           #...         32%         1    ##.....
 Blink                    Tloc           N/A          45%         2    ###....
 Call Imp                 Summ           #.......     45%         2    ###....
 Slow                     Hex            #.......     45%         2    ###....
 Call Canine Familiar     Summ           #.......     69%         3    ####...
 Conjure Flame            Conj/Fire      #.......     69%         3    ####...
 Mephitic Cloud           Conj/Pois/Air  #.......     69%         3    ####...
 Summon Guardian Golem    Hex/Summ       #.......     69%         3    ####...
 Summon Ice Beast         Ice/Summ       #.......     97%         4    #####..
 Summon Lightning Spire   Summ/Air       #.......     97%         4    #####..


Dungeon Overview and Level Annotations

Branches:
Dungeon (5/15)
 Temple: D:4-7

Altars:
Dithmenos
Ru
Vehumet
Wu Jian
Yredelemnul

Annotations:
D:4 3 runed translucent doors, Tux's ghost, amateur NaFi
D:5 Dowan; Duvessa


Innate Abilities, Weirdness & Mutations

You have a pair of small horns on your head.
You are partially covered in icy blue scales. (AC +2)
Your flesh is cold resistant. (rC+)
You are slightly more attuned to the shadows.


Message History

* * * LOW HITPOINT WARNING * * *
Something shocks you.
* * * LOW HITPOINT WARNING * * *
You hit something but do no damage. You headbutt something.
Something hits you but does no damage. Something hits you.
* * * LOW HITPOINT WARNING * * *
Something shocks you.
* * * LOW HITPOINT WARNING * * *
Things that are here:
a +0 dagger; a +0 leather armour; an orc corpse
Items here: )) [[ † a +0 dagger; a +0 robe; a +0 falchion; a +0 leather armour; an orc corpse Something hits you but does no damage.
Things that are here:
a +0 flail; an orc corpse x2
A sky beast appears from thin air!
Reactivating autopickup.
The sky beast hits you.
You die...

.. ?...######
######
.........#
.....#
...>####)#
####.# .. #§#
#.##### #)#
#.....# #Y###
#####.# #@#.##
#.# #....# #.#
###.## #.# #.#
#.# #.# #.# #.#
#.#########.###
#.............#
#.....#####.#[#


You could see a sky beast.

Vanquished Creatures
  A centaur (D:5)
  A scorpion (D:4)
  An orc priest (D:5)
  A centaur skeleton (D:3)
  A hound (D:5)
  An orc wizard (D:5)
  An iguana (D:5)
  A worker ant (D:5)
  A hound skeleton (D:4)
  5 adders
  An ooze (D:5)
  2 worms
  3 dart slugs
  3 leopard geckos
  9 orcs
  8 giant cockroaches
  10 goblins
  7 hobgoblins
  3 jackals (D:1)
  3 quokkas
  2 ball pythons
  10 bats
  5 frilled lizards
  11 kobolds
  10 rats
101 creatures vanquished.

Notes
Turn   | Place    | Note
-------+----------+-------------------------------------------
     0 | D:1      | kae the Demonspawn Monk began the quest for the Orb.
     0 | D:1      | Reached XP level 1. HP: 18/18 MP: 1/1
   651 | D:1      | Gained mutation: You are slightly more attuned to the
                  | shadows. [demonic ancestry]
   651 | D:1      | Reached XP level 2. HP: 23/24 MP: 2/2
  1500 | D:1      | Reached skill level 1 in Short Blades
  1546 | D:1      | Gained mutation: Your flesh is cold resistant. (rC+)
                  | [demonic ancestry]
  1546 | D:1      | Reached XP level 3. HP: 29/29 MP: 3/3
  2310 | D:2      | Found a basalt altar of Yredelemnul.
  2315 | D:2      | Found an ornate altar of the Wu Jian Council.
  2541 | D:2      | Reached XP level 4. HP: 37/37 MP: 4/4
  3056 | D:3      | Found a faded altar of an unknown god.
  3339 | D:3      | Reached skill level 4 in Fighting
  3529 | D:3      | Gained mutation: You have a pair of small horns on your
                  | head. [demonic ancestry]
  3529 | D:3      | Reached XP level 5. HP: 42/42 MP: 5/5
  3638 | D:4      | Found a runed translucent gate.
  3638 | D:4      | Found a runed translucent gate.
  3642 | D:4      | Found a runed translucent gate.
  3999 | D:4      | Noticed Tux's ghost (amateur NaFi)
  4004 | D:4      | Noticed a phantom
  4216 | D:5      | Entered Level 5 of the Dungeon
  4364 | D:5      | Gained mutation: You are partially covered in icy blue
                  | scales. (AC +2) [demonic ancestry]
  4364 | D:5      | Reached XP level 6. HP: 49/49 MP: 6/6
  4388 | D:5      | Found a sacrificial altar of Ru.
  4424 | D:5      | Noticed Dowan
  4645 | D:5      | Noticed Duvessa
  4814 | D:5      | Found a radiant altar of Vehumet.
  4814 | D:5      | Found a shadowy altar of Dithmenos.
  4820 | D:5      | Became a worshipper of Dithmenos the Shadowed
  4820 | D:5      | Reached * piety under Dithmenos
  4820 | D:5      | Reached ** piety under Dithmenos
  4915 | D:5      | Reached skill level 5 in Fighting
  4929 | D:5      | Noticed a sky beast
  4937 | D:5      | HP: 1/51 [something (5)]
  4941 | D:5      | Slain by a sky beast

Levels and vault maps discovered:
D:1:      wheals_arrival_linesprint, layout_basic, hangedman_decor_growths,
          st_stairs_14, minmay_door_square
D:2:      layout_loops_ring, minitemple
D:3:      layout_basic, chequers_ecumenical_altar_simple_redux
D:4:      layout_basic, gammafunk_ghost_split, first_ration
D:5:      layout_loops_ring, gammafunk_temple_overflow_elements, basic_altar,
          uniq_duvessa

Skill      XL: |  1  2  3  4  5  6 |
---------------+-------------------+-----
Unarmed Combat | 3 |  3.2
Short Blades   | 1 2 3 4 |  4.9
Fighting       | 4 5 |  5.0
Dodging        | |  2.6
Stealth        | |  1.7

Action                   |  1- 3 |  4- 6 || total
-------------------------+-------+-------++-------
Melee: Unarmed           |    42 |       ||    42
       Dagger            |   153 |   156 ||   309
       Punch             |     2 |     2 ||     4
       Headbutt          |       |    12 ||    12
  Use: Scroll            |     2 |    15 ||    17
       Potion            |       |     2 ||     2
 Stab: Sleeping          |    10 |    21 ||    31
       Distracted        |     1 |     3 ||     4
  Eat: Chunk             |     4 |     9 ||    13
Armor: Robe              |    45 |    48 ||    93
Dodge: Dodged            |   103 |    87 ||   190

Table legend:
 A = Non-vault XP
 B = Vault XP
 C = Vault XP percentage of total XP
 D = Non-vault monster count
 E = Vault monster count
 F = Vault count percentage of total count
                 A         B        C        D         E       F
            +---------+---------+-------+---------+---------+-------
      Total |     674 |       2 |   0.3 |     100 |       1 |   1.0
            +---------+---------+-------+---------+---------+-------
        D:1 |      50 |       2 |   3.8 |      32 |       1 |   3.0
        D:2 |      64 |       0 |   0.0 |      21 |       0 |   0.0
        D:3 |     104 |       0 |   0.0 |      25 |       0 |   0.0
        D:4 |     102 |       0 |   0.0 |       8 |       0 |   0.0
        D:5 |     354 |       0 |   0.0 |      14 |       0 |   0.0
            +---------+---------+-------+---------+---------+-------
